Map: Oxide LE

Players

YayoGodd

  • Race: Terran Terran
  • League: Silver
  • Spawn Location: 1:00

jamestkirk - Winner!

  • Race: Protoss Protoss
  • League: Bronze
  • Spawn Location: 7:00

VOD

Have the link to the VOD?

Description

Time

  • Played on: April 9, 2021, 3:53 p.m.
  • Length: 16:23
Show
View Real Time Build Order
Export as new Build Order

YayoGodd Terran 

Build Orders: Gas First Reaper Expand 

Get SALT Encoding   

  12  0:05  SCV  
  13  0:14  Refinery  
  13  0:20  SCV  
  14  0:28  Supply Depot  
  14  0:32  SCV  
  16  0:50  SCV  
  16  0:53  Barracks  
  16  1:01  Supply Depot  
  16  1:02  SCV  
  17  1:14  SCV  
  18  1:26  SCV  
  19  1:43  Bunker  
  19  1:47  Reaper  
  20  1:54  Command Center  
  20  1:58  SCV  
  21  2:04  Refinery  
  21  2:10  SCV  
  22  2:20  Bunker  
  21  2:41  SCV  
  22  2:49  Factory  
  22  2:53  SCV  
  22  2:57  Marine  
  24  3:02  Supply Depot  
  24  3:04  Refinery  
  24  3:06  SCV  
  25  3:15  SCV, Marine  
  25  3:18  Refinery, SCV  
  28  3:33  Marine  
  29  3:41  SCV  
  30  3:49  Starport  
  30  3:51  Marine  
  30  3:53  SCV  
  30  3:54  Starport  
  32  4:05  SCV  
  32  4:08  Engineering Bay  
  32  4:09  Marine  
  34  4:10  SCV  
  35  4:18  SCV  
  35  4:23  SCV  
  37  4:27  Starport Tech Lab  
  37  4:30  SCV  
  38  4:33  Armory  
  38  4:37  Starport  
  38  4:38  Starport Tech Lab  
  38  4:41  SCV  
  39  4:47  SCV  
  39  4:50  Terran Infantry Weapons Level 1  
  40  5:00  Missile Turret  
  40  5:01  Marine  
  40  5:05  SCV  
  42  5:07  SCV  
  42  5:09  Cloaking Field  
  43  5:17  SCV  
  43  5:19  SCV  
  45  5:24  Starport Tech Lab  
  45  5:29  SCV  
  45  5:35  Engineering Bay  
  46  5:37  Supply Depot  
  46  5:41  SCV, Marine  
  48  5:45  SCV  
  49  5:53  Missile Turret  
  49  5:54  Banshee  
  52  5:58  Banshee  
  52  5:59  Marine  
  52  6:01  Supply Depot  
  56  6:07  Bunker  
  56  6:09  Supply Depot  
  58  6:12  Banshee  
  59  6:21  SCV  
  60  6:33  SCV  
  60  6:36  Command Center  
  61  6:44  Hi-Sec Auto Tracking  
  61  6:45  Neosteel Armor, SCV  
  62  6:47  Banshee  
  62  6:50  Terran Ship Weapons Level 1  
  65  7:03  Banshee  
  65  7:04  Armory  
  65  7:05  Banshee  
  71  7:13  Supply Depot  
  71  7:24  Missile Turret  
  70  7:47  Fusion Core  
  70  7:54  Refinery  
  70  7:56  Refinery  
  70  8:07  Supply Depot  
  70  8:08  Marine  
  71  8:19  Orbital Command  
  71  8:23  Banshee x2  
  71  8:24  Banshee  
  71  8:26  Marine  
  81  8:31  Missile Turret  
  81  9:24  Battlecruiser  
  81  9:25  Battlecruiser  
  81  9:26  Battlecruiser  
  72  10:37  Terran Vehicle And Ship Armor Level 1, Terran Ship Weapons Level 2  
  72  10:49  Starport  
  54  11:26  Battlecruiser x2  
  54  11:27  Battlecruiser  
  54  11:28  Starport Tech Lab  
  54  11:30  Weapon Refit  
  72  11:37  Starport  
  72  11:38  Starport  
  72  11:39  SCV  
  73  11:51  SCV  
  74  12:05  Marine, Bunker  
  74  12:06  Terran Infantry Weapons Level 2  
  75  12:08  Terran Infantry Armor Level 1  
  75  12:16  Starport Tech Lab  
  75  12:17  Starport Tech Lab  
  75  12:23  Marine  
  75  12:25  Supply Depot  
  76  12:44  Command Center  
  76  12:47  Supply Depot  
  76  12:48  Battlecruiser  
  76  12:49  Battlecruiser  
  76  12:51  Battlecruiser  
  68  13:42  Marine  
  66  14:00  Marine  
  67  14:08  SCV  
  67  14:12  Battlecruiser  
  67  14:14  Battlecruiser  
  67  14:15  Battlecruiser  
  85  14:17  Marine, Battlecruiser  
  85  14:20  SCV  
  90  14:35  Marine  
  66  15:17  Supply Depot  
  66  15:19  Supply Depot  
  66  15:21  Supply Depot  
Show
View Real Time Build Order
Export as new Build Order

jamestkirk Protoss - Winner!

Build Orders: 1 Gate Expand 

Get SALT Encoding   

  12  0:01  Probe  
  13  0:13  Probe  
  14  0:19  Pylon  
  14  0:25  Probe  
  15  0:37  Probe  
  15  0:40  Gateway  
  16  0:49  Probe (Chrono Boost)  
  17  1:00  Assimilator  
  17  1:01  Probe (Chrono Boost)  
  18  1:07  Probe (Chrono Boost)  
  19  1:16  Probe  
  20  1:27  Nexus  
  20  1:36  Pylon  
  20  1:42  Probe, Assimilator  
  21  1:51  Cybernetics Core  
  21  1:56  Assimilator  
  21  1:57  Probe (Chrono Boost)  
  22  2:09  Probe (Chrono Boost)  
  23  2:18  Probe (Chrono Boost)  
  24  2:27  Stalker  
  24  2:29  Warp Gate  
  26  2:36  Probe  
  27  2:44  Probe  
  27  2:47  Shield Battery  
  28  2:54  Probe (Chrono Boost)  
  32  3:00  Sentry  
  32  3:02  Probe (Chrono Boost)  
  33  3:05  Probe (Chrono Boost)  
  33  3:11  Probe (Chrono Boost)  
  34  3:16  Pylon  
  34  3:20  Robotics Facility  
  34  3:25  Gateway  
  34  3:32  Stalker  
  34  3:34  Probe (Chrono Boost)  
  37  3:39  Probe (Chrono Boost)  
  37  3:44  Probe (Chrono Boost)  
  37  3:48  Probe (Chrono Boost)  
  39  3:51  Probe (Chrono Boost)  
  40  3:58  Probe (Chrono Boost)  
  40  4:01  Pylon  
  42  4:04  Probe x2 (Chrono Boost)  
  42  4:08  Immortal  
  47  4:12  Probe x2  
  47  4:14  Pylon  
  49  4:20  Stalker  
  49  4:21  Stalker  
  53  4:24  Probe x2  
  55  4:36  Probe x2  
  57  4:48  Observer  
  57  4:49  Probe (Chrono Boost)  
  57  4:50  Assimilator  
  60  4:52  Nexus  
  60  4:53  Pylon, Probe (Chrono Boost)  
  60  4:55  Assimilator  
  60  4:57  Stalker x2  
  60  4:59  Probe (Chrono Boost)  
  65  5:02  Probe (Chrono Boost)  
  65  5:04  Probe (Chrono Boost)  
  67  5:13  Pylon, Probe  
  68  5:21  Forge  
  68  5:23  Forge  
  68  5:24  Twilight Council  
  68  5:25  Probe x2 (Chrono Boost)  
  68  5:27  Immortal  
  76  5:37  Probe (Chrono Boost)  
  76  5:40  Probe (Chrono Boost)  
  76  5:42  Probe (Chrono Boost)  
  76  5:47  Probe  
  76  5:48  Stalker x2  
  82  5:51  Probe  
  82  5:54  Pylon  
  83  5:59  Probe  
  83  6:01  Protoss Ground Weapons Level 1 (Chrono Boost)  
  84  6:07  Immortal  
  88  6:16  Protoss Ground Armor Level 1 (Chrono Boost)  
  88  6:17  Probe x2 (Chrono Boost)  
  90  6:20  Probe (Chrono Boost)  
  90  6:24  Stalker x2  
  95  6:29  Probe (Chrono Boost)  
  95  6:31  Probe x2 (Chrono Boost)  
  98  6:38  Probe (Chrono Boost)  
  98  6:39  Probe (Chrono Boost)  
  101  6:44  Probe (Chrono Boost)  
  101  6:46  Immortal  
  106  6:48  Probe (Chrono Boost)  
  106  6:50  Pylon, Probe (Chrono Boost)  
  106  6:53  Pylon  
  108  6:56  Probe (Chrono Boost)  
  108  6:58  Probe (Chrono Boost)  
  109  7:07  Probe  
  109  7:08  Pylon, Probe x2  
  111  7:11  Nexus  
  111  7:12  Stalker  
  111  7:13  Stalker  
  111  7:14  Pylon  
  116  7:15  Assimilator  
  116  7:16  Pylon  
  116  7:18  Assimilator  
  116  7:20  Charge (Chrono Boost)  
  115  7:29  Probe (Chrono Boost)  
  118  7:32  Probe (Chrono Boost)  
  118  7:33  Probe (Chrono Boost)  
  118  7:40  Probe (Chrono Boost)  
  118  7:43  Gateway  
  121  7:44  Probe x2 (Chrono Boost)  
  121  7:46  Gateway  
  121  7:48  Gateway  
  121  7:52  Gateway  
  121  7:53  Gateway  
  121  8:02  Probe x2  
  121  8:03  Photon Cannon, Immortal  
  121  8:04  Probe  
  128  8:14  Probe x2  
  128  8:16  Probe  
  128  8:18  Protoss Ground Armor Level 2 (Chrono Boost), Protoss Ground Weapons Level 2 (Chrono Boost)  
  131  8:23  Zealot x2  
  131  8:26  Probe  
  136  8:35  Gateway  
  136  8:36  Gateway  
  136  8:38  Gateway  
  136  8:41  Pylon  
  136  8:44  Gateway  
  136  8:46  Gateway  
  136  8:49  Stalker x4  
  136  8:50  Stalker x2  
  136  8:52  Stalker  
  145  9:17  Observer  
  145  9:20  Photon Cannon  
  145  9:26  Photon Cannon  
  145  9:31  Photon Cannon x2  
  145  9:33  Photon Cannon  
  145  9:35  Photon Cannon  
  145  9:38  Shield Battery, Photon Cannon  
  145  9:46  Stalker x6, Nexus  
  145  9:52  Photon Cannon  
  150  10:00  Stalker x3  
  150  10:01  Photon Cannon, Stalker x2  
  150  10:05  Probe  
  157  10:26  Blink (Chrono Boost)  
  157  10:27  Photon Cannon  
  157  10:38  Photon Cannon  
  157  10:43  Protoss Ground Armor Level 3 (Chrono Boost)  
  157  10:48  Photon Cannon  
  157  10:50  Protoss Ground Weapons Level 3 (Chrono Boost)  
  157  10:58  Probe x2  
  159  11:10  Pylon  
  159  11:11  Pylon  
  159  11:13  Pylon  
  159  11:28  Probe x2  
  161  11:37  Nexus  
  161  11:38  Pylon  
  161  11:40  Pylon, Probe x2  
  161  11:43  Pylon  
  161  11:46  Nexus  
  163  11:48  Nexus  
  163  11:49  Pylon  
  163  11:52  Pylon x2  
  163  11:54  Pylon  
  163  11:56  Pylon, Probe x3  
  163  11:57  Pylon  
  163  11:58  Pylon  
  163  12:00  Pylon  
  167  12:08  Probe x3  
  169  12:20  Probe x2, Photon Cannon  
  169  12:21  Probe  
  169  12:22  Photon Cannon  
  172  12:24  Stalker x8  
  172  12:25  Photon Cannon, Stalker x4  
  172  12:26  Shield Battery  
  196  12:47  Pylon  
  194  13:29  Protoss Shields Level 1 (Chrono Boost)  
  194  13:37  Nexus  
  194  14:09  Photon Cannon  
  192  14:10  Photon Cannon x2  
  192  14:12  Shield Battery, Photon Cannon  
  192  14:14  Shield Battery  
  192  14:15  Shield Battery  
  192  14:35  Templar Archives  
  190  14:40  Photon Cannon  
  190  14:44  Photon Cannon  
  190  14:48  Gateway  
  190  14:50  Gateway  
  184  14:53  Gateway  
  184  14:55  Gateway  
  184  14:56  Gateway  
  180  15:07  Photon Cannon  
  180  15:09  Photon Cannon  
  180  15:12  Photon Cannon  
  180  15:15  Photon Cannon  
  180  15:17  Shield Battery  
  180  15:21  Shield Battery  
  180  15:23  Photon Cannon  
  164  16:03  Robotics Facility  
Tags
 
Add a new tag
Caveats
  • Supply blocks, unpowered buildings, or Contaminate may cause inaccurate times.
  • Supply counts are checked every 10 seconds.